 Dungeon Crawl Stone Soup version 0.21-a0-380-gd65dc97 (webtiles) character file.

123 p0werm0de the Sneak (level 4, -5/21 HPs)
             Began as a Felid Chaos Knight on Oct 17, 2017.
             Slain by a mummy (17 damage)
             ... on level 5 of the Dungeon.
             The game lasted 00:04:56 (2584 turns).

p0werm0de the Sneak (Felid Chaos Knight)            Turns: 2584, Time: 00:04:57

Health: -5/21      AC:  1    Str:  8    XL:     4   Next: 79%
Magic:  5/5        EV: 19    Int: 13    God:    Xom [.*....]
Gold:   91         SH:  0    Dex: 16    Spells: 3/3 levels left
                                        Lives:  0   Deaths: 1

rFire    . . .     SeeInvis +     - Unarmed
rCold    + . .     Gourm    .   (shield unavailable)
rNeg     . . .     Faith    .   (armour unavailable)
rPois    .         Spirit   .   (helmet unavailable)
rElec    .         Reflect  .   (cloak unavailable)
rCorr    .         Harm     .   (gloves unavailable)
MR       .....                  (boots unavailable)
Stlth    +++.......             (no amulet)
HPRegen  0.07/turn              e - ring of protection from cold
MPRegen  0.09/turn              h - +1 ring of evasion

@: quick
A: no armour, no weapons or thrown items, stealth, claws 1, fangs 3, see
invisible, carnivore 3, speed 1, shaggy fur 1, slow metabolism 1, sharp paws
a: Renounce Religion


You were on level 5 of the Dungeon.
You worshipped Xom.
You were a plaything of Xom.
You were full.

You visited 1 branch of the dungeon, and saw 5 of its levels.

You collected 91 gold pieces.

Inventory:

Jewellery
 d - an uncursed ring of ice
 e - a ring of protection from cold (left paw)
 h - a +1 ring of evasion (right paw)
Scrolls
 b - a scroll of recharging
 c - a scroll of random uselessness {unknown}
 f - a scroll of remove curse
 g - a scroll of identify
 i - 2 scrolls of blinking
 j - a scroll of amnesia
 k - a scroll of immolation
 n - a scroll of teleportation {unknown}
Potions
 l - a potion of curing
Comestibles
 a - a meat ration
 m - a royal jelly
 o - 3 chunks of flesh


   Skills:
 - Level 3.0 Fighting
 - Level 3.2 Dodging
 * Level 5.0 Stealth
 * Level 4.6 Unarmed Combat


You had 3 spell levels left.
You didn't know any spells.

Dungeon Overview and Level Annotations

Branches:
Dungeon (5/15)
 Temple: D:4-7

Altars:
Xom

Portals:
Ossuary: D:5

Annotations:
D:3 Ijyb


Innate Abilities, Weirdness & Mutations

You cannot wear armour.
You are incapable of wielding weapons or throwing items.
Your paws allow you to move quietly. (Stealth)
You have sharp claws.
You have razor-sharp teeth.
You have supernaturally acute eyesight. (SInv)
You are carnivorous and can eat meat at any time.
You cover ground quickly.
You are covered in fur. (AC +1)
You have a slow metabolism.
Your sharp claws are effective at attacking unaware monsters.


Message History

You kill the hound!
Your Stealth skill increases to level 5!
Your shadow imp disappears in a puff of smoke! "Where it stops, nobody knows!"
Your surroundings suddenly seem different.
Your surroundings suddenly seem different.
Your surroundings suddenly seem different.
Found a puce potion.
Unknown command.
Unknown command.
As you open the door, it creaks loudly!
A mummy comes into view.
Found a sand-covered staircase.
You scratch the mummy.
The mummy is lightly damaged.
You scratch the mummy. You bite the mummy.
The mummy is moderately damaged.
The mummy hits you!
Ouch! That really hurt!
You die...

#..#
#..##
#..#.
#...
#!.#
#..#
#..###
#
#.@M∩#
#..####
#..###
#......
#..#
#.#####
#..# ##
#...
##.
#...#
##..
#..##
#...
#..#
##..
#..


You could see a mummy.

Vanquished Creatures
  2 hounds
  An adder zombie (D:5)
  An adder skeleton (D:4)
  4 worms (D:2)
  A dart slug (D:4)
  2 leopard geckos
  10 bats
  5 giant cockroaches
  7 hobgoblins
  A ball python (D:4)
  7 frilled lizards
  15 goblins
  5 kobolds
  6 rats
67 creatures vanquished.

Vanquished Creatures (collateral kills)
  An orc wizard (D:5)
  3 orcs (D:5)
4 creatures vanquished.

Grand Total: 71 creatures vanquished

Notes
Turn   | Place    | Note
-------+----------+-------------------------------------------
     0 | D:1      | p0werm0de the Felid Chaos Knight began the quest for the Orb.
     0 | D:1      | Reached XP level 1. HP: 10/10 MP: 2/2
    13 | D:1      | XOM: harmless Ice miscast
   114 | D:1      | Reached skill level 1 in Stealth
   162 | D:1      | Reached XP level 2. HP: 11/14 MP: 3/3
   249 | D:1      | Reached skill level 2 in Stealth
   605 | D:1      | Reached XP level 3. HP: 16/17 MP: 4/4
   618 | D:1      | XOM: silly message
   796 | D:2      | Reached skill level 3 in Stealth
   949 | D:2      | XOM: swap monsters
  1018 | D:2      | XOM is BORED!
  1018 | D:2      | XOM: mild Fire miscast
  1532 | D:2      | Reached skill level 4 in Unarmed Combat
  1676 | D:3      | Noticed Ijyb
  1678 | D:3      | XOM: scenery: create altars
  1679 | D:3      | Reached XP level 4. HP: 21/21 MP: 5/5
  1680 | D:3      | XOM: harmless Tmut miscast
  1706 | D:3      | Killed from afar by Ijyb
  1707 | D:3      | Reached XP level 3. HP: -1/17 MP: 4/4
  1708 | D:3      | XOM: medium Conj miscast
  2244 | D:4      | XOM: swap monsters
  2245 | D:4      | XOM: confusion
  2247 | D:4      | XOM: blink monster(s)
  2256 | D:4      | Reached skill level 4 in Stealth
  2301 | D:4      | Reached XP level 4. HP: 21/21 MP: 5/5
  2303 | D:4      | XOM: noise
  2501 | D:5      | Entered Level 5 of the Dungeon
  2531 | D:5      | XOM: summons 4 friendly demons
  2574 | D:5      | Reached skill level 5 in Stealth
  2580 | D:5      | XOM: 3-stop teleportation journey
  2582 | D:5      | Found a sand-covered staircase.
  2584 | D:5      | Slain by a mummy

Vault maps used:
D:1:      lemuel_arrival_muddy, minmay_split_cup_large
D:2:      st_stairs_4, minmay_tetromino_i4, uniq_crazy_yiuf_cottage
D:3:      lemuel_crystal_altar, first_bread, minmay_misc_feat_chi,
          grunt_gozag_statues, uniq_ijyb
D:5:      nicolae_ossuary_entry_giza, uniq_prince_ribbit1

Skill      XL: |  1  2  3  4 |
---------------+-------------+-----
Stealth        | 1 2 4 5 |  5.0
Unarmed Combat | 4 |  4.6
Fighting       | |  3.0
Dodging        | |  3.2

Action                   |  1- 3 |  4- 6 || total
-------------------------+-------+-------++-------
Melee: Unarmed           |   153 |    54 ||   207
       Bite              |     9 |     8 ||    17
       Punch             |     1 |     1 ||     2
  Use: Scroll            |     6 |     1 ||     7
       Potion            |     2 |       ||     2
 Stab: Sleeping          |    11 |     1 ||    12
       Confused          |     1 |       ||     1
  Eat: Chunk             |    11 |     2 ||    13
Armor: Skin              |     8 |     2 ||    10
Dodge: Dodged            |   119 |    34 ||   153

Table legend:
 A = Spawn XP
 B = Non-spawn XP
 C = Spawn XP percentage of total XP
 D = Spawn monster count
 E = Non-spawn monster count
 F = Spawn count percentage of total count
 G = Total turns spent on level
                    A         B        C        D         E        F      G
               +---------+---------+-------+---------+---------+-------+---------
         Total |       0 |     233 |   0.0 |       0 |      71 |   0.0 |  2584
               +---------+---------+-------+---------+---------+-------+---------
           D:1 |       0 |      51 |   0.0 |       0 |      33 |   0.0 |   789
           D:2 |       0 |      44 |   0.0 |       0 |      21 |   0.0 |   882
           D:3 |       0 |       9 |   0.0 |       0 |       5 |   0.0 |   442
           D:4 |       0 |      60 |   0.0 |       0 |       6 |   0.0 |   388
           D:5 |       0 |      69 |   0.0 |       0 |       6 |   0.0 |    83
               +---------+---------+-------+---------+---------+-------+---------
